AoeStats
← 30TITI30

Lombardia

509606537Analyzed
2v2 RM · 4d ago on Sep 27, 2026· 62m 55s· 4 players
Game mode
Random Map
Map size
Medium (4 player)
Population
200
Speed
Normal
Resources
Standard
Victory
Conquest
Starting age
Dark Age
Ending age
Imperial Age
RankedLock teamsTeams togetherTeam positionsShared explorationLock speedFull tech treeHidden civsTurbo modeCheats
Victory
Defeat
🇫🇷 Mongols · France
1094
+14
🇫🇷 Saracens · France
1093
+14
🇨🇴 Cumans · Colombia
1053
-14
🇨🇴 Romans · Colombia
1049
-14
Alosk8
2:09 Loom
10:35 Feudal Age
19:03 Castle Age
19:01 Forging
20:38 Wheelbarrow
19:49 Town Watch
22:57 Scale Barding Armor
25:26 Double-Bit Axe
25:31 Horse Collar
31:05 Imperial Age
28:30 Gold Mining
30:34 Iron Casting
30:19 Chain Barding Armor
31:59 Heavy Plow
32:15 Bow Saw
33:47 Hand Cart
33:24 Cavalier
33:25 Elite Steppe Lancer
34:21 Town Patrol
36:12 Blast Furnace
34:37 Elite Skirmisher
35:47 Stone Mining
36:35 Gold Shaft Mining
37:25 Two-Man Saw
37:10 Elite Kipchak
38:12 Conscription
38:21 Steppe Husbandry
38:22 Cuman Mercenaries
37:57 Light Cavalry
38:48 Bloodlines
40:13 Plate Barding Armor
39:30 Fletching
39:40 Padded Archer Armor
39:19 Hussar
42:21 Bodkin Arrow
42:41 Leather Archer Armor
42:37 Paladin
44:16 Crop Rotation
45:49 Ring Archer Armor
45:20 Scale Mail Armor
52:33 Chain Mail Armor
53:57 Ballistics
54:38 Chemistry
53:33 Pikeman
54:13 Squires
53:59 Arson
55:07 Plate Mail Armor
54:29 Halberdier
DAVIJO90
1:07 Loom
11:38 Feudal Age
12:39 Double-Bit Axe
14:24 Horse Collar
17:36 Castle Age
16:20 Gold Mining
17:19 Forging
18:39 Wheelbarrow
18:28 Bow Saw
18:43 Husbandry
23:08 Bloodlines
24:36 Scale Barding Armor
24:03 Elite Skirmisher
27:54 Iron Casting
27:58 Hand Cart
30:26 Gold Shaft Mining
29:44 Stone Mining
31:44 Chain Barding Armor
35:06 Imperial Age
34:13 Fletching
34:50 Man-at-Arms
35:31 Squires
35:33 Scale Mail Armor
35:30 Bodkin Arrow
38:15 Conscription
37:37 Heavy Scorpion
38:43 Comitatenses
37:57 Long Swordsman
39:41 Blast Furnace
38:57 Chain Mail Armor
38:54 Heavy Plow
39:57 Chemistry
39:04 Ballistas
39:53 Legionary
41:36 Ballistics
44:28 Elite Centurion
45:59 Caravan
54:01 Pikeman
55:07 Halberdier
Breton
7:29 Loom
10:40 Feudal Age
11:53 Double-Bit Axe
11:49 Horse Collar
13:26 Fletching
21:30 Castle Age
22:35 Crossbowman
23:13 Bodkin Arrow
23:29 Forging
24:15 Heavy Plow
24:37 Scale Barding Armor
26:13 Town Watch
28:12 Bow Saw
27:55 Gold Mining
29:28 Iron Casting
29:16 Chain Barding Armor
29:56 Husbandry
30:06 Bloodlines
33:37 Stone Mining
34:27 Wheelbarrow
39:20 Imperial Age
38:16 Caravan
38:58 Gold Shaft Mining
38:20 Murder Holes
38:59 Ballistics
39:39 Hand Cart
39:14 Town Watch
40:26 Conscription
39:27 Elite Mameluke
40:51 Plate Barding Armor
41:16 Blast Furnace
41:54 Town Patrol
43:02 Two-Man Saw
43:04 Chemistry
44:41 Hoardings
44:17 Bimaristan
44:10 Bodkin Arrow
44:19 Squires
44:04 Arson
45:10 Heavy Camel Rider
51:05 Masonry
30TITI30
6:37 Loom
10:02 Feudal Age
15:23 Castle Age
13:54 Double-Bit Axe
13:51 Horse Collar
16:25 Bow Saw
24:00 Bloodlines
25:08 Scale Barding Armor
26:26 Gold Mining
29:37 Forging
29:48 Chain Barding Armor
31:07 Iron Casting
35:35 Husbandry
39:17 Imperial Age
41:15 Elite Steppe Lancer
44:40 Blast Furnace
43:31 Fletching
43:41 Padded Archer Armor
45:06 Light Cavalry
46:36 Wheelbarrow
45:47 Town Watch
50:12 Scale Mail Armor
50:10 Bodkin Arrow
50:30 Leather Archer Armor
51:26 Caravan
52:09 Conscription
52:12 Drill
58:40 Capped Ram
62:09 Hand Cart
61:54 Town Patrol
62:08 Town Patrol
Connection lost

Rejoining the realm…

Still unreachable

The connection could not be restored.

Session expired

The server has moved on; the page needs a fresh start.